 Dungeon Crawl Stone Soup version 0.30-a0-177-g1cb5dbfd7a (webtiles) character file.

Game seed: 17541173882898828387

695 scionoferis the Cutter (level 7, -2/43 HPs)
             Began as a Kobold Brigand on Oct 2, 2022.
             Slain by an orc priest
             ... wielding a +0 hand axe
              (3 damage)
             ... on level 5 of the Dungeon.
             The game lasted 00:14:57 (4267 turns).

scionoferis the Cutter (Kobold Brigand)             Turns: 4267, Time: 00:14:57

Health: -2/43      AC:  7    Str:  8 (10) XL:     7   Next: 96%
Magic:  7/7        EV: 12    Int: 12      God:
Gold:   191        SH:  0    Dex: 14 (17) Spells: 6/6 levels left

rFire   . . .      SeeInvis .    a - +2 dagger
rCold   . . .      Faith    .    p - +0 buckler
rNeg    . . .      Spirit   .    r - +0 ring mail
rPois   .          Reflect  .    o - +0 helmet
rElec   .          Harm     .    c - +0 cloak
rCorr   .          Rampage  .    (no gloves)
Will    .....                    (no boots)
Stlth   ++........               (no amulet)
HPRegen 0.27/turn                (no ring)
MPRegen 0.10/turn                (no ring)

@: confused, invisible
A: small, no large weapons, nightstalker 3
a: no special abilities


You were on level 5 of the Dungeon.
You visited 1 branch of the dungeon, and saw 5 of its levels.
You also visited: Ossuary.

You collected 191 gold pieces.

Inventory:

Hand Weapons
 a - a +2 dagger (weapon)
Missiles
 d - 15 poisoned darts (quivered)
 j - 6 atropa-tipped darts
Armour
 c - a +0 cloak (worn)
 o - a +0 helmet (worn)
 p - a +0 buckler (worn)
 r - a +0 ring mail (worn)
Scrolls
 f - a scroll of silence
 g - a scroll of enchant armour
 i - 2 scrolls of noise
 l - 2 scrolls of enchant weapon {unknown}
 m - 2 scrolls of butterflies
 q - a scroll of fear
 s - a scroll of vulnerability
 t - 3 scrolls of teleportation
 u - a scroll of blinking {unknown}
Potions
 h - a potion of lignification
 k - a potion of brilliance


   Skills:
 + Level 4.2 Fighting
 * Level 6.6 Short Blades
 - Level 2.1 Throwing
 + Level 2.4 Armour
 + Level 4.1 Dodging
 + Level 5.7 Stealth
 + Level 1.9 Shields


You had 6 spell levels left.
You didn't know any spells.
Your spell library contained the following spells:

 Spells                   Type           Power      Damage    Failure   Level
 Inner Flame              Hex/Fire       0%         N/A       99%         3
 Cause Fear               Hex            0%         N/A       100%        4
 Discord                  Hex            0%         N/A       100%        8


Dungeon Overview and Level Annotations

Branches:
Dungeon (5/15)            Ossuary (visited)
 Temple: D:4-7

Altars:
Elyvilon
Vehumet

Shops:
D:1 :

Annotations:
D:2 Sigmund


Innate Abilities, Weirdness & Mutations

You are small and have problems with some larger weapons.
You are completely attuned to the shadows.


Message History

You closely miss the orc priest.
The orc priest is moderately wounded.
You hit the orc priest.
The orc priest is heavily wounded.
The orc priest hits you but does no damage.
You completely miss the orc priest.
The orc priest is heavily wounded.
You hit the orc priest.
The orc priest is severely wounded.
You barely miss the orc priest.
The orc priest is severely wounded.
The orc priest barely misses you.
You completely miss the orc priest.
The orc priest is severely wounded.
Something hits you but does no damage.
You barely miss the orc priest.
The orc priest is severely wounded.
You hit the orc priest.
The orc priest is almost dead.
You hear some strange, mumbled words.
You are confused.
You miss something. Something hits you but does no damage.
You closely miss the orc priest.
The orc priest is almost dead.
Something hits you.
* * * LOW HITPOINT WARNING * * *
You're too confused to move!
Something hits you but does no damage.
The orc priest hits you with a +0 hand axe.
* * * LOW HITPOINT WARNING * * *
Okay, then.
Unknown command.
You bump into the metal wall.
You hear some strange, mumbled words.
You are more confused.
The orc priest barely misses you.
You hit the orc priest.
The orc priest is almost dead.
Something hits you but does no damage.
The orc priest hits you with a +0 hand axe.
You die...

### #..
..# #..
#.# #..
#o#
#.###@#
#..({.#
###.###.
#.)....
#.#.##.
#[#>#
#.#.#
######
#####.#.#
.....#
#..†..#.#


You could see an orc priest (unable to see you).

Vanquished Creatures
  Grinder (D:5)
  An ogre (D:4)
  An elf zombie (Ossuary)
  A necrophage (D:5)
  2 centaur zombies (Ossuary)
  2 human zombies (Ossuary)
  3 mummies
  Robin (D:2)
  An adder (D:5)
  2 ufetubi (D:4)
  4 dart slugs
  4 orcs
  3 bats (D:1)
  7 endoplasms
  2 giant cockroaches
  13 goblins
  9 hobgoblins
  7 kobolds
  3 quokkas
  7 ball pythons
  2 frilled lizards (D:1)
  A goblin zombie (Ossuary)
  11 hobgoblin zombies (Ossuary)
  3 jackal zombies (Ossuary)
  8 kobold zombies (Ossuary)
  8 orc zombies (Ossuary)
  A rat (D:3)
  A rat zombie (Ossuary)
109 creatures vanquished.

Notes
Turn   | Place    | Note
-------+----------+-------------------------------------------
     0 | D:1      | scionoferis the Kobold Brigand began the quest for the Orb.
     0 | D:1      | Reached XP level 1. HP: 12/12 MP: 1/1
    85 | D:1      | Reached skill level 3 in Short Blades
   250 | D:1      | Reached XP level 2. HP: 18/18 MP: 2/2
   277 | D:1      | Found Wosemup's Vocational Training.
   528 | D:1      | Found a faded altar of an unknown god.
   573 | D:1      | Reached XP level 3. HP: 16/22 MP: 3/3
  1197 | D:2      | Noticed Robin
  1228 | D:2      | Killed Robin
  1229 | D:2      | Reached skill level 1 in Armour
  1281 | D:2      | Reached XP level 4. HP: 27/27 MP: 4/4
  1334 | D:2      | Noticed Sigmund
  1456 | D:2      | Reached skill level 4 in Short Blades
  1900 | D:3      | Found a radiant altar of Vehumet.
  2147 | D:4      | Found a white marble altar of Elyvilon.
  2242 | D:4      | Found a sand-covered staircase.
  2260 | D:4      | Reached XP level 5. HP: 32/32 MP: 5/5
  2264 | Ossuary  | Entered an ossuary
  2735 | Ossuary  | Reached skill level 5 in Short Blades
  2735 | Ossuary  | Reached XP level 6. HP: 19/37 MP: 6/6
  2821 | Ossuary  | Reached skill level 1 in Shields
  3819 | D:4      | Noticed an ogre
  4103 | D:4      | Killed an ogre
  4104 | D:4      | Reached skill level 6 in Short Blades
  4104 | D:4      | Reached XP level 7. HP: 42/42 MP: 7/7
  4140 | D:5      | Entered Level 5 of the Dungeon
  4231 | D:5      | Noticed Grinder
  4240 | D:5      | Paralysed by Grinder for 3 turns
  4249 | D:5      | Killed Grinder
  4253 | D:5      | HP: 1/43 [orc priest/divine providence (12)]
  4264 | D:5      | HP: 2/43 [something (1)]
  4267 | D:5      | Slain by an orc priest

Illustrated notes

Levels and vault maps discovered:
D:1:      ncdulo_watergridlock, layout_loops_corners,
          hellmonk_ecumenical_altar_lost_god, serial_bayou_pond_c,
          nicolae_shop_vocational
D:2:      layout_basic, uniq_sigmund, uniq_robin
D:3:      layout_rooms, nicolae_vehumet_altar_sigil
D:4:      layout_loops_cross, mainiacjoe_overflow_chevrons,
          gup_ossuary_entry_pyramid, dk_noncrumbling_4, kennysheep_minor_cross,
          minmay_mini_jars
D:5:      layout_loops_cross, zin_angel, nicolae_yredelemnul_ghost_church,
          uniq_grinder

Skill      XL: |  1  2  3  4  5  6  7 |
---------------+----------------------+-----
Short Blades   | 3 4 5 6 |  6.6
Dodging        | 2 3 4 |  4.1
Armour         | 1 2 |  2.4
Fighting       | 3 4 |  4.2
Shields        | 1 |  1.9
Throwing       | |  2.1
Stealth        | |  5.7

Action                   |  1- 3 |  4- 6 |  7- 9 || total
-------------------------+-------+-------+-------++-------
Melee: Dagger            |    86 |   391 |    48 ||   525
       Punch             |     2 |       |       ||     2
Throw: Dart              |       |     7 |       ||     7
  Use: Scroll            |       |     7 |       ||     7
       Potion            |       |     4 |     2 ||     6
 Stab: Sleeping          |    11 |    18 |     1 ||    30
       Invisible         |       |       |     3 ||     3
Armor: Robe              |    15 |     8 |       ||    23
       Ring mail         |       |    90 |    13 ||   103
       Skin              |       |   140 |       ||   140
Dodge: Dodged            |    35 |   185 |    16 ||   236
Block: Buckler           |       |    89 |     3 ||    92

Table legend: (Time is in decaauts)
 A = Elapsed time spent in this place.
 B = Non-inter-level travel time spent in this place.
 C = Inter-level travel time spent in this place.
 D = Time resting spent in this place.
 E = Time spent auto-exploring this place.
 F = Levels seen in this place.
 G = Mean time per level.
                   A        B        C        D        E       F      G
               +--------+--------+--------+--------+--------+-----+--------+
         Total |   4174 |   4034 |    140 |    314 |   2322 |   6 |  695.7 |
       Dungeon |   3319 |   3179 |    140 |    131 |   2230 |   5 |  663.8 |
       Ossuary |    854 |    854 |      0 |    183 |     92 |   1 |  854.0 |
               +--------+--------+--------+--------+--------+-----+--------+

Top non-repeatable levels by time:
     D:1: 1156 daAuts
     D:4: 1104 daAuts
 Ossuary: 854 daAuts
     D:3: 636 daAuts
     D:2: 307 daAuts
     D:5: 114 daAuts
